 Dungeon Crawl Stone Soup version 0.19.0-17-g07987d3 (webtiles) character file.

20 Larett the Chopper (level 2, -5/39 HPs)
             Began as a Minotaur Berserker on Nov 10, 2016.
             Was a Follower of Trog.
             Slain by a worker ant (6 damage)
             ... on level 4 of the Dungeon.
             The game lasted 00:03:01 (673 turns).

Larett the Chopper (Minotaur Berserker)              Turns: 673, Time: 00:03:02

Health: -5/39      AC:  2    Str: 26    XL:     2   Next: 58%
Magic:  1/1        EV: 13    Int:  4    God:    Trog [*.....]
Gold:   44         SH:  0    Dex:  9    Spells: 0 memorised, 1 level left

rFire  . . .     SeeInvis .     a - +0 hand axe
rCold  . . .     Gourm    .     b - +0 animal skin
rNeg   . . .     Faith    .     (no shield)
rPois  .         Spirit   .     (helmet restricted)
rElec  .         Reflect  .     (no cloak)
rCorr  .         Harm     .     (no gloves)
MR     .....                    (no boots)
Stlth  ..........               (no amulet)
                                (no ring)
                                (no ring)

@: berserking, very quick
A: retaliatory headbutt, horns 2
a: Berserk, Burn Spellbooks, Renounce Religion


You were on level 4 of the Dungeon.
You worshipped Trog.
Trog was aware of your devotion.
You were not hungry.

You visited 1 branch of the dungeon, and saw 4 of its levels.

You collected 44 gold pieces.

Inventory:

Hand Weapons
 a - a +0 hand axe (weapon)
 j - a cursed -1 hunting sling
Missiles
 d - 31 sling bullets
 o - 41 stones (quivered)
Armour
 b - a +0 animal skin (worn)
Scrolls
 e - a scroll of teleportation {unknown}
 g - a scroll of remove curse {unknown}
 h - a scroll of enchant weapon {unknown}
 n - a scroll of identify {unknown}
 p - a scroll of enchant armour {unknown}
 q - a scroll of random uselessness {unknown}
Potions
 f - a potion of degeneration {unknown}
 i - a potion of curing {unknown}
 k - a potion of beneficial mutation {unknown}
 l - a potion of heal wounds {unknown}
 m - a potion of might {unknown}
Comestibles
 c - a bread ration


   Skills:
 - Level 3.6 Fighting
 - Level 3.6 Axes
 - Level 2.4 Armour
 + Level 3.5 Dodging


You had one spell level left.
You didn't know any spells.

Dungeon Overview and Level Annotations

Branches:
Dungeon (4/15)
 Temple: D:4-7

Altars:
Elyvilon

Annotations:
D:3 Weresquid's ghost, amateur DsGl


Innate Abilities, Weirdness & Mutations

You reflexively headbutt those who attack you in melee.
You have a pair of horns on your head.


Message History

* * * LOW HITPOINT WARNING * * *
You see here 15 gold pieces.
The bullfrog skeleton closely misses you.
The bullfrog skeleton misses you.
A worker ant comes into view.
The worker ant twitches its antennae in your direction.
The worker ant moves out of view.
The jackal closely misses you.
The bullfrog skeleton closely misses you.
You hit the worker ant. Your headbutt misses the worker ant.
The worker ant is moderately wounded.
You barely miss the bullfrog skeleton. The bullfrog skeleton hits you.
* * * LOW HITPOINT WARNING * * *
The worker ant barely misses you. You furiously retaliate!
You headbutt the worker ant.
Okay, then.
A red film seems to cover your vision as you go berserk!
You feel yourself moving faster!
You feel mighty!
You feel a lot more hungry.
The bullfrog skeleton barely misses you.
The worker ant bites you.
You die...

#....## #.....# .
#.....#
#.#####.....
#%...$.....#
..........#
#..#a#.# #.#.H..#
#.##Z#o#
#.##.##hh.#
#####.##.##.#.#####
#. ...#..?.o......#
#. #..#..##.#.###.#
#. #.$#..##.#.# #.
#..#o.##.. .
#.##..#..##.....


You could see a worker ant, 2 orcs, 2 jackals and a bullfrog skeleton.

Vanquished Creatures
  An adder (D:3)
  A worm (D:3)
  2 dart slugs (D:3)
  A kobold (D:3)
  A rat (D:2)
6 creatures vanquished.

Notes
Turn   | Place    | Note
-------+----------+-------------------------------------------
     0 | D:1      | Larett the Minotaur Berserker began the quest for the Orb.
     0 | D:1      | Reached XP level 1. HP: 19/19 MP: 0/0
   115 | D:3      | Found a white marble altar of Elyvilon.
   147 | D:3      | Reached skill level 3 in Dodging
   147 | D:3      | Reached XP level 2. HP: 26/26 MP: 1/1
   607 | D:3      | Noticed a phantom
   631 | D:3      | Noticed Weresquid's ghost (amateur DsGl)
   639 | D:3      | HP: 4/26 [goblin/stone (3)]
   654 | D:3      | HP: 3/26 [goblin/stone (2)]
   667 | D:4      | HP: 2/26 [bullfrog skeleton (2)]
   672 | D:4      | HP: 1/26 [bullfrog skeleton (2)]
   673 | D:4      | Slain by a worker ant

Skill      XL: |  1 |
---------------+----+-----
Dodging        | 3 |  3.5
Fighting       | |  3.6
Axes           | |  3.6
Armour         | |  2.4

Action                   || total
-------------------------++-------
Melee: Hand axe          ||    20
       Headbutt          ||     3
Invok: Berserk           ||     1
Dodge: Dodged            ||    27
